 Dungeon Crawl Stone Soup version 0.17-a0-427-ga655056 (webtiles) character file.

130 Medar the Grave Robber (level 4, 0/32 HPs)
             Began as a Mummy Necromancer on Apr 3, 2015.
             Was an Initiate of Okawaru.
             Slain by a rat (2 damage)
             ... on level 3 of the Dungeon.
             The game lasted 00:08:16 (3357 turns).

Medar the Grave Robber (Mummy Necromancer)          Turns: 3357, Time: 00:08:16

Health: 0/32       AC:  2    Str: 11    XL:     4   Next: 89%
Magic:  1/7        EV: 12    Int: 15    God:    Okawaru [......]
Gold:   71         SH:  0    Dex: 12    Spells: 3 memorised, 4 levels left

rFire  x . .     SeeInvis .     d - +1 short sword
rCold  + . .     Clarity  .     a - +0 robe
rNeg   + + +     SustAb   .     (no shield)
rPois  ∞         Gourm    .     (no helmet)
rElec  .         Spirit   .     (no cloak)
rCorr  .         Warding  .     (no gloves)
rMut   .         Stasis   .     (no boots)
MR     .....                    (no amulet)
Stlth  +.........               (no ring)
                                (no ring)

@: very slightly contaminated, not resistant to hostile enchantments, very
unstealthy
A: no food or potions, fire vulnerability, cold resistance 1, negative energy
resistance 3, torment resistance, unbreathing
a: Renounce Religion


You were on level 3 of the Dungeon.
You worshipped Okawaru.
Okawaru was noncommittal.
You were not hungry.

You visited 1 branch of the dungeon, and saw 3 of its levels.
You also visited: Sewer.

You collected 71 gold pieces.

Inventory:

Hand weapons
 d - a +1 short sword (weapon)
Missiles
 g - 15 poisoned needles
 i - 2 throwing nets {=f =F}
Armour
 a - a +0 robe (worn)
 c - a +0 ring mail
 h - a +0 leather armour
Jewellery
 m - an uncursed ring of ice
Scrolls
 e - a scroll of immolation
 f - a scroll of enchant armour
 l - a scroll of noise
Books
 b - a book of Necromancy

   Spells                             Type                      Level
   a - Pain                           Necromancy                   1
   b - Animate Skeleton               Necromancy                   1
   c - Vampiric Draining              Necromancy                   3
   d - Regeneration                   Charms/Necromancy            3
   e - Animate Dead                   Necromancy                   4
   f - Control Undead                 Necromancy                   4


   Skills:
 + Level 1.3 Fighting
 + Level 2.3 Dodging
 - Level 1.5 Stealth
 - Level 3.0 Spellcasting
 - Level 5.0 Necromancy


You had 4 spell levels left.
You knew the following spells:

 Your Spells              Type           Power        Failure   Level  Hunger
c - Vampiric Draining     Necr           ###.......   10%         3    N/A
s - Animate Skeleton      Necr           N/A          2%          1    N/A
x - Pain                  Necr           ###.         2%          1    N/A

Dungeon Overview and Level Annotations

Branches:
Dungeon (3/15)

Altars:
Fedhas
Okawaru

Annotations:
D:3 Grinder


Innate Abilities, Weirdness & Mutations

You do not eat or drink.
Your flesh is vulnerable to fire.
You are immune to poison.
Your flesh is cold resistant.
You are immune to negative energy.
You are immune to unholy pain and torment.
You can survive without breathing.


Message History

* * * LOW HITPOINT WARNING * * *
The giant mite bites you.
* * * LOW HITPOINT WARNING * * *
Welcome back to the Dungeon!
Level annotation: Grinder The rat misses you.
There is a collapsed entrance here.
Unknown command.
Read which item? (? for menu, Esc to quit)
Okay, then.
You enter the shallow water.
Moving in this stuff is going to be slow.
The rat closely misses you. The rat bites you.
* * * LOW HITPOINT WARNING * * *
You hit the giant mite.
The giant mite is almost dead.
The giant mite bites you.
* * * LOW HITPOINT WARNING * * *
The rat bites you.
You die...

###.##.###...######..#.#
#.Z(%) #...##.#
##............###.####
#.####.#
####..<.###Z.....# # #.#
#.# ##≈######≈########
#.# #.#**#≈≈≈≈≈≈≈≈≈≈#
**#.# #..,,#≈≈≈####≈≈≈#
,,#.#**###**##≈##≈≈##≈##
*,...,,,,,,,,#≈#≈ss≈#≈#
#######
*.....,,,,,,,#≈#@r≈≈#≈#
#...ZZZ
#5.####*****##w##J≈##≈##
#Z##### #..*
#≈≈≈#w≈#≈≈≈# #Z# #..*
#≈≈≈≈≈≈#≈≈≈# #.# #..*
##≈######≈## #.# *,.*
########.#####.# ,,,*
#........†....# *,**
############### *,*


You could see a worm, an ooze, 2 giant mites and a rat.

Vanquished Creatures
  3 adders
  A river rat (D:3)
  A giant mite (D:2)
  4 worms
  2 giant geckos
  2 oozes
  10 bats
  7 goblins
  A hobgoblin (D:2)
  A quokka (D:2)
  4 giant cockroaches
  A giant gecko zombie (D:2)
  4 giant newts
  10 jackals
  6 kobolds
  7 rats
64 creatures vanquished.

Vanquished Creatures (collateral kills)
  An ooze (D:1)
  A jackal (D:2)
2 creatures vanquished.

Vanquished Creatures (others)
  An adder skeleton (D:3)
  A bat skeleton (D:2)
  A goblin skeleton (D:3)
  3 jackal skeletons (D:3)
6 creatures vanquished.

Grand Total: 72 creatures vanquished

Notes
Turn   | Place    | Note
--------------------------------------------------------------
     0 | D:1      | Medar, the Mummy Necromancer, began the quest for the Orb.
     0 | D:1      | Reached XP level 1. HP: 13/13 MP: 3/3
   124 | D:1      | Learned a level 1 spell: Animate Skeleton
   235 | D:1      | Reached XP level 2. HP: 19/19 MP: 0/4
  1490 | D:2      | Found an iron altar of Okawaru.
  1525 | D:2      | Became a worshipper of Warmaster Okawaru
  1658 | D:2      | Reached XP level 3. HP: 10/24 MP: 0/5
  1984 | D:2      | Found a blossoming altar of Fedhas.
  2296 | D:2      | Reached skill level 5 in Necromancy
  2438 | D:2      | Reached XP level 4. HP: 30/30 MP: 4/6
  2443 | D:2      | Learned a level 3 spell: Vampiric Draining
  2984 | D:3      | Noticed Grinder
  3137 | D:3      | Reached skill level 1 in Fighting
  3338 | D:3      | Found a glowing drain.
  3345 | Sewer    | Entered a sewer
  3357 | D:3      | Slain by a rat

Action                   |  1- 3 |  4- 6 || total
-------------------------+-------+-------++-------
Melee: Short sword       |    37 |    41 ||    78
 Cast: Pain              |    74 |    38 ||   112
       Animate Skeleton  |    15 |     7 ||    22
       Vampiric Draining |       |     4 ||     4
  Use: Scroll            |     4 |     4 ||     8
 Stab: Distracted        |     2 |       ||     2
